 Dungeon Crawl Stone Soup version 0.16.2-12-gd0ad4c3 (console) character file.

117 endege the Poker (level 4, -1/39 HPs)
             Began as a Minotaur Fighter on Nov 26, 2015.
             Slain by dearth's ghost (4 damage)
             ... on level 4 of the Dungeon.
             The game lasted 00:02:47 (2577 turns).

endege the Poker (Minotaur Fighter)                 Turns: 2577, Time: 00:02:47

Health: -1/39      AC:  8    Str: 21    XL:     4   Next: 71%
Magic:  2/2        EV:  7    Int:  5    God:
Gold:   144        SH:  0    Dex: 10    Spells: 0 memorised, 3 levels left

rFire  . . .     SeeInvis +     Y - +0 trident
rCold  . . .     Clarity  .     s - +0 chain mail
rNeg   . . .     SustAb   .     (no shield)
rPois  .         Gourm    .     (helmet restricted)
rElec  .         Spirit   .     (no cloak)
rCorr  .         Warding  .     (no gloves)
rMut   +         Stasis   .     (no boots)
MR     .....                    h - amulet of resist mutation
Stlth  ..........               (no ring)
                                n - ring of see invisible

@: heavily drained, not resistant to hostile enchantments, extremely unstealthy
A: retaliatory headbutt, horns 2
a: no special abilities


You were on level 4 of the Dungeon.
You were not hungry.

You visited 1 branch of the dungeon, and saw 4 of its levels.

You collected 144 gold pieces.


Innate Abilities, Weirdness & Mutations

You reflexively headbutt those who attack you in melee.
You have a pair of horns on your head.


   Skills:
 - Level 3.6(1.8) Fighting
 + Level 6.0(4.2) Polearms
 - Level 3.6(1.8) Armour
   Level 3.6(1.8) Shields


You had 3 spell levels left.
You didn't know any spells.

Inventory:

Hand weapons
 Y - a +0 trident (weapon)
Armour
 s - a +0 chain mail (worn)
Jewellery
 h - an amulet of resist mutation (around neck)
 n - a ring of see invisible (left hand)
Scrolls
 c - 2 scrolls of remove curse
 i - 2 scrolls of recharging
Potions
 e - 3 potions of might
 k - a potion of curing
 l - a potion of restore abilities {unknown}
 o - a potion of cancellation {unknown}
 r - a potion of berserk rage {unknown}
Comestibles
 d - 4 bread rations
 g - a beef jerky
 j - 3 fruits
 u - a meat ration

Dungeon Overview and Level Annotations

Branches:
Dungeon (4/15)
 Temple: D:4-7

Altars:

Annotations:
D:4 dearth's ghost, average MiFi


Message History

You puncture dearth's ghost!
Dearth's ghost is heavily damaged.
Dearth's ghost hits you.
* * * LOW HITPOINT WARNING * * *
You feel drained.
* * * LOW HITPOINT WARNING * * *
You puncture dearth's ghost!
Dearth's ghost is severely damaged.
Dearth's ghost barely misses you. You furiously retaliate!
You headbutt dearth's ghost! You hit dearth's ghost.
Dearth's ghost is almost destroyed.
Dearth's ghost hits you.
* * * LOW HITPOINT WARNING * * *
You feel drained.
Your chain mail prevents you from hitting dearth's ghost.
Dearth's ghost is almost destroyed.
Dearth's ghost barely misses you.
Dearth's ghost grins evilly.
Dearth's ghost hits you.
You die...

. #. # #. # #.#.#. ..
. ( ... #. . #...# .#.
#.#.# ... #.%W# #.#
#@# #.# #.#
#.#########)#
#...........#
#.###.###.######.. #.#
#.............
#.###.##...#######
######.....##.........
.........####...#####
.######..# ##### #..#


You could see dearth's ghost.

Vanquished Creatures
  4 adders
  A giant mite (D:2)
  2 worms (D:2)
  A giant gecko (D:3)
  2 oozes
  2 orcs
  A giant cockroach (D:1)
  8 hobgoblins
  4 jackals (D:2)
  4 quokkas
  2 ball pythons (D:1)
  3 bats (D:2)
  3 giant newts
  6 goblins
  7 kobolds
  9 rats
59 creatures vanquished.

Notes
Turn   | Place    | Note
--------------------------------------------------------------
     0 | D:1      | endege, the Minotaur Fighter, began the quest for the Orb.
     0 | D:1      | Reached XP level 1. HP: 19/19 MP: 1/1
     0 | D:1      | 0 ||| counter = 3
   151 | D:1      | Reached skill level 3 in Polearms
   224 | D:1      | Reached XP level 2. HP: 24/26 MP: 1/1
   596 | D:1      | 596 ||| REMOVING +0 shield.
   601 | D:1      | 601 ||| DROPPING +0 shield.
   602 | D:1      | 602 ||| READING scroll labeled JYSHEL TUON.
   603 | D:1      | 603 ||| READING 2 scrolls labeled KAETEBAHOJU.
   604 | D:1      | 604 ||| READING scroll labeled HYNNOIKHOCH.
   607 | D:1      | 607 ||| READING scroll of identify.
   607 | D:1      | 607 ||| IDENTIFYING lumpy steel amulet
   634 | D:1      | 634 ||| UPGRADING to amulet of resist mutation.
   672 | D:2      | Reached skill level 4 in Polearms
   672 | D:2      | Reached XP level 3. HP: 14/31 MP: 2/2
  1000 | D:2      | Reached skill level 5 in Polearms
  1216 | D:2      | Reached XP level 4. HP: 39/39 MP: 2/2
  1303 | D:2      | 1303 ||| READING 2 scrolls labeled UNTOAP EMUSK.
  1310 | D:2      | 1310 ||| Stepping ~*~*~tactically~*~*~ (outnumbered).
  1441 | D:2      | 1441 ||| READING scroll labeled SKIAKL SEEVI.
  1442 | D:2      | 1442 ||| DRINKING 2 black potions.
  1443 | D:2      | 1443 ||| DROPPING potion of poison.
  1460 | D:3      | 1460 ||| STAIRDANCE
  2380 | D:3      | 2380 ||| UPGRADING to chain mail.
  2390 | D:3      | 2390 ||| DROPPING +0 scale mail.
  2391 | D:3      | 2391 ||| UPGRADING to twisted peridot amulet.
  2393 | D:3      | 2393 ||| REMOVING amulet of stasis.
  2394 | D:3      | 2394 ||| DROPPING amulet of stasis.
  2395 | D:3      | 2395 ||| UPGRADING to amulet of resist mutation.
  2396 | D:3      | 2396 ||| UPGRADING to garnet ring.
  2397 | D:3      | 2397 ||| REMOVING ring of magical power.
  2398 | D:3      | 2398 ||| DROPPING ring of magical power.
  2399 | D:3      | 2399 ||| UPGRADING to notched brass ring.
  2400 | D:3      | 2400 ||| READING scroll labeled PNOSEDEBOG.
  2401 | D:3      | 2401 ||| READING scroll labeled BLURHO NUCLY.
  2402 | D:3      | 2402 ||| READING scroll labeled GHIEHO MEATT.
  2403 | D:3      | 2403 ||| DRINKING 2 red potions.
  2479 | D:4      | Reached skill level 6 in Polearms
  2565 | D:4      | Noticed dearth's ghost (average MiFi)
  2570 | D:4      | HP: 9/39 [dearth's ghost (2)]
  2574 | D:4      | HP: 4/39 [dearth's ghost (1)]
  2577 | D:4      | Slain by dearth's ghost

Vault maps used:
D:1:      dpeg_arrival_rhombi, hangedman_decor_points
D:3:      first_bread, kennysheep_pointless_box
D:4:      bloody_makhleb

Action                   |  1- 3 |  4- 6 || total
-------------------------+-------+-------++-------
Melee: Trident           |    88 |    72 ||   160
Throw: Tomahawk          |       |    10 ||    10
  Use: Scroll            |     4 |     5 ||     9
       Potion            |       |     2 ||     2
  Eat: Chunk             |     1 |     4 ||     5
